 Dungeon Crawl Stone Soup version 0.29-a0-304-gb34f9e1 (webtiles) character file.

Game seed: 14462692148550466321

866 Think the Slicer (level 8, -1/52 HPs)
             Began as an Octopode Fighter on Mar 26, 2022.
             Was an Elder of Jiyva.
             Slain by a two-headed ogre
             ... wielding a +0 giant spiked club
              (19 damage)
             ... on level 8 of the Dungeon.
             The game lasted 00:16:44 (4855 turns).

Think the Slicer (Octopode Fighter)                 Turns: 4855, Time: 00:16:44

Health: -1/52      AC:  5    Str: 14 (15) XL:     8   Next: 3%
Magic:  8/8        EV: 13    Int: 12 (15) God:    Jiyva [****..]
Gold:   134        SH:  4    Dex: 12 (13) Spells: 7/7 levels left

rFire   . . .      SeeInvis .   g - +3 falchion
rCold   . . .      Faith    .   b - +0 buckler
rNeg    . . .      Spirit   .   (helmet restricted)
rPois   .          Reflect  .   (no amulet)
rElec   .          Harm     .   (no ring)
rCorr   +          Rampage  .   (no ring)
Will    .....                   (no ring)
Stlth   ++........              (no ring)
HPRegen 1.45/turn               (no ring)
MPRegen 0.51/turn               (no ring)
                                (no ring)
                                (no ring)

@: no status effects
A: almost no armour, amphibious, 8 rings, camouflage 1, gelatinous body 1,
(nimble swimmer 1), tentacles, iridescent scales 2, clever 2, pseudopods 2,
engulf
a: Renounce Religion, Oozemancy, Slimify


You were on level 8 of the Dungeon.
You worshipped Jiyva.
Jiyva was greatly pleased with you.
You visited 1 branch of the dungeon, and saw 8 of its levels.

You collected 134 gold pieces.

Inventory:

Hand Weapons
 a - a +0 rapier
 g - a +3 falchion (weapon)
Armour
 b - a +0 buckler (worn)
Jewellery
 d - a ring of flight
 m - a ring of fire
Wands
 c - a wand of polymorph (3)
Scrolls
 h - a scroll of summoning
Potions
 e - a potion of flight {unknown}
 f - a potion of cancellation
 i - a potion of resistance {unknown}
 k - 2 potions of curing
 l - a potion of degeneration


   Skills:
 - Level 3.0 Fighting
 + Level 9.1 Short Blades
 - Level 3.0 Dodging
 - Level 3.0 Shields


You had 7 spell levels left.
You didn't know any spells.
Your spell library was empty.

Dungeon Overview and Level Annotations

Branches:
Dungeon (8/15)             Temple (0/1) D:4
   Lair: D:8-11

Altars:
Kikubaaqudgha
Okawaru
Sif Muna
Uskayaw
Wu Jian
Yredelemnul
Zin
Jiyva

Shops:
D:2 :

Annotations:
D:4 2 runed translucent doors, edsrzf's ghost, amateur NaVM
D:5 Eustachio
D:6 Edmund
D:7 2 transporters, exclusions: ice statue and oklob plant, Pashador's ghost, amateur MiFi


Innate Abilities, Weirdness & Mutations

You cannot wear most types of armour.
You are amphibious.
You can wear up to eight rings at the same time.
Your skin changes colour to match your surroundings (Stealth+).
Your rubbery body absorbs attacks. (AC +1, EV +1)
((You are camouflaged when in or above water. (Stealth+)))
You have tentacles for arms and can constrict up to eight enemies at once.
You are mostly covered in iridescent scales. (AC +4)
Your mind is very acute. (Int +4)
Armour fits poorly on your large pseudopods.
Your melee attacks may engulf your foes in ooze.


Message History

The orc shouts!
A two-headed ogre comes into view.
It is wielding a +0 giant spiked club and a +0 giant club.
Jiyva gurgles merrily.
The orc completely misses you.
The two-headed ogre shouts in stereo!
You hit the orc. You grab the orc.
The orc is severely wounded.
You constrict the orc.
You kill the orc!
There is an open door here.
You hear a distant slurping noise.
You open the door.
The two-headed ogre barely misses the jelly.
The two-headed ogre hits the jelly with a +0 giant club!
The acid corrodes the two-headed ogre!
The two-headed ogre is burned by acid!
The jelly hits the two-headed ogre.
The two-headed ogre is splashed with acid.
You hear a distant slurping noise.
There is an open door here.
The two-headed ogre hits the jelly with a +0 giant spiked club!!
The jelly dies!
You hear a distant slurping noise.
There is an open door here.
You slash the two-headed ogre! You bludgeon the two-headed ogre.
The two-headed ogre is heavily wounded.
The two-headed ogre hits you with a +0 giant spiked club!!!
Ouch! That really hurt!
* * * LOW HITPOINT WARNING * * *
The two-headed ogre closely misses you.
You hear a distant slurping noise.
There is an open door here.
The two-headed ogre completely misses you.
You block the two-headed ogre's attack.
You hear a distant slurping noise.
There is an open door here.
There is an open door, spattered with blood here.
The two-headed ogre attacks as you move away!
The two-headed ogre misses you.
The two-headed ogre hits you with a +0 giant club!!
You die...

######+######+###
................# .......
................# .......
................# ......D
................# .......
.....>..........# .......
.......<........# .......
##+##...).......####.......
#....#@###............#
#....O...#........!..:#
#....#...#............#
#....#...#............#
#....+...#......#######
#....#...#......#
#....#####......# #....#
#......# ######


You could see a two-headed ogre (corroded).

Vanquished Creatures
  A water moccasin (D:7)
  An orc warrior (D:6)
  An ice beast (D:5)
  A kobold brigand (D:7)
  A necrophage (D:4)
  A scorpion (D:6)
  A howler monkey (D:5)
  2 hounds
  2 orc priests
  A gnoll shaman (D:4)
  An iguana (D:6)
  4 gnolls
  5 adders
  A white imp (D:6)
  A worm (D:2)
  3 dart slugs
  11 orcs
  3 ball pythons
  2 endoplasms (D:1)
  2 giant cockroaches (D:1)
  6 goblins
  5 hobgoblins
  5 jackals
  8 quokkas
  A bat (D:1)
  2 frilled lizards (D:1)
  7 kobolds
  3 rats (D:2)
82 creatures vanquished.

Vanquished Creatures (others)
  2 bullfrogs (D:7)
  A scorpion (D:4)
  2 wights (D:7)
  7 jellies
  An iguana (D:6)
  4 adders
  A white imp (D:7)
  An ufetubus (D:4)
  A worm (D:2)
  3 dart slugs
  4 orcs
  A ball python (D:1)
  3 giant cockroaches
  2 hobgoblins (D:2)
  5 kobolds
  A quokka (D:2)
  2 bats
  A frilled lizard (D:3)
  4 goblins
  2 rats
  21 fungi (D:3)
69 creatures vanquished.

Grand Total: 151 creatures vanquished

Notes
Turn   | Place    | Note
-------+----------+-------------------------------------------
     0 | D:1      | Think the Octopode Fighter began the quest for the Orb.
     0 | D:1      | Reached XP level 1. HP: 16/16 MP: 1/1
    61 | D:1      | Reached XP level 2. HP: 11/21 MP: 2/2
   310 | D:1      | Reached skill level 3 in Short Blades
   460 | D:1      | Found a faded altar of an unknown god.
   475 | D:1      | Prayed at the altar of an unknown god.
   475 | D:1      | Became a worshipper of Jiyva Joust the Shapeless
   475 | D:1      | Reached * piety under Jiyva
   590 | D:1      | Reached XP level 3. HP: 26/26 MP: 3/3
   909 | D:2      | Reached ** piety under Jiyva
   951 | D:2      | Reached skill level 4 in Short Blades
  1167 | D:2      | Reached XP level 4. HP: 31/31 MP: 4/4
  1205 | D:2      | Found Hodaavoa's Book Boutique.
  1553 | D:3      | Found a faded altar of an unknown god.
  1557 | D:3      | Found an ancient bone altar of Kikubaaqudgha.
  1860 | D:3      | Reached *** piety under Jiyva
  1972 | D:3      | Reached skill level 5 in Short Blades
  2081 | D:3      | Found a basalt altar of Yredelemnul.
  2083 | D:3      | Gained mutation: You are partially covered in iridescent
                  | scales. (AC +2) [Jiyva's grace]
  2083 | D:3      | Gained mutation: You are mostly covered in iridescent
                  | scales. (AC +4) [Jiyva's grace]
  2083 | D:3      | Gained mutation: You are completely covered in iridescent
                  | scales. (AC +6) [Jiyva's grace]
  2083 | D:3      | Gained mutation: Your melee attacks may engulf your foes in
                  | ooze. [Jiyva's grace]
  2304 | D:4      | Noticed a scorpion
  2316 | D:4      | Reached XP level 5. HP: 36/36 MP: 5/5
  2397 | D:4      | Found a staircase to the Ecumenical Temple.
  2499 | D:4      | Reached skill level 6 in Short Blades
  2499 | D:4      | Reached XP level 6. HP: 42/42 MP: 6/6
  3029 | D:4      | Found an ornate altar of the Wu Jian Council.
  3043 | D:4      | Found a runed translucent door.
  3044 | D:4      | Noticed edsrzf's ghost (amateur NaVM)
  3075 | D:4      | Found a runed translucent door.
  3261 | D:5      | Entered Level 5 of the Dungeon
  3444 | D:5      | Noticed an ice beast
  3475 | D:5      | Killed an ice beast
  3476 | D:5      | Reached skill level 7 in Short Blades
  3727 | D:5      | Reached XP level 7. HP: 46/46 MP: 7/7
  3729 | D:5      | Noticed Eustachio
  3818 | D:6      | Reached **** piety under Jiyva
  3826 | D:6      | Found a shimmering blue altar of Sif Muna.
  3838 | D:6      | Found an iron altar of Okawaru.
  3904 | D:6      | Found a glowing silver altar of Zin.
  3932 | D:6      | Reached skill level 8 in Short Blades
  4145 | D:6      | Noticed Edmund
  4206 | D:7      | Lost mutation: You are completely covered in iridescent
                  | scales. (AC +6) [Jiyva's grace]
  4206 | D:7      | Gained mutation: Your mind is acute. (Int +2) [Jiyva's
                  | grace]
  4206 | D:7      | Gained mutation: Your mind is very acute. (Int +4) [Jiyva's
                  | grace]
  4206 | D:7      | Gained mutation: Armour fits poorly on your pseudopods.
                  | [Jiyva's grace]
  4206 | D:7      | Gained mutation: Armour fits poorly on your large
                  | pseudopods. [Jiyva's grace]
  4219 | D:7      | Found a hide-covered altar of Uskayaw.
  4228 | D:7      | Noticed a slime creature
  4228 | D:7      | a wight changed into a slime creature
  4268 | D:7      | Reached skill level 9 in Short Blades
  4268 | D:7      | Reached XP level 8. HP: 47/52 MP: 8/8
  4397 | D:7      | Noticed an oklob plant
  4403 | D:7      | Noticed Pashador's ghost (amateur MiFi)
  4407 | D:7      | Noticed a manticore
  4419 | D:7      | Noticed an ice statue
  4429 | D:7      | Found a transporter.
  4435 | D:7      | Found a transporter.
  4841 | D:8      | Noticed a two-headed ogre
  4855 | D:8      | Slain by a two-headed ogre

Illustrated notes

Levels and vault maps discovered:
D:1:      minmay_arrival_arboretum_small, layout_rooms,
          shapermc_ecumenical_altar_pompeii, minmay_tetromino_l2
D:2:      minmay_door_path, layout_basic, serial_shops, shop,
          guppyfry_early_orc_mine
D:3:      layout_loops_corners, mainiacjoe_overflow_chevrons,
          nicolae_overflow_ecumenical_swirl, dk_noncrumbling_3
D:4:      layout_loops_corners, mainiacjoe_overflow_small_starburst,
          temple_green, ebering_ghost_sewer_f, kennysheep_cross_room,
          grunt_ministairs_11
D:5:      layout_cave_pools, trog_hazing_becter, moated_statue, uniq_eustachio
D:6:      layout_rooms, zin_statuary, nicolae_sif_muna_condensation,
          mainiacjoe_overflow_concentric_impassable,
          nicolae_overflow_hidden_temple, kennysheep_decorative_pillar,
          sigmund_edmund_badplayer
D:7:      layout_gridville, kennysheep_mini_moat, nzn_ghost_randoct
D:8:      layout_gridville, lemuel_crystal_altar

Skill      XL: |  1  2  3  4  5  6  7 |
---------------+----------------------+-----
Short Blades   | 3 4 5 6 7 9 |  9.1
Fighting       | |  3.0
Dodging        | |  3.0
Shields        | |  3.0

Action                   |  1- 3 |  4- 6 |  7- 9 || total
-------------------------+-------+-------+-------++-------
Melee: Rapier            |    74 |    68 |    58 ||   200
       Constrict         |    24 |    18 |    15 ||    57
       Tentacles         |    13 |    13 |    14 ||    40
       Punch             |       |     1 |     3 ||     4
       Pseudopods        |       |       |     6 ||     6
       Falchion          |       |       |     2 ||     2
Invok: Oozemancy         |       |     2 |       ||     2
       Slimify           |       |       |     1 ||     1
  Use: Potion            |     1 |       |     3 ||     4
       Scroll            |       |       |     5 ||     5
 Stab: Sleeping          |     5 |     4 |     2 ||    11
Armor: Skin              |     4 |    12 |    10 ||    26
Dodge: Dodged            |    35 |    42 |    36 ||   113
Block: Buckler           |    12 |     9 |    19 ||    40

Table legend: (Time is in decaauts)
 A = Elapsed time spent in this place.
 B = Non-inter-level travel time spent in this place.
 C = Inter-level travel time spent in this place.
 D = Time resting spent in this place.
 E = Time spent auto-exploring this place.
 F = Levels seen in this place.
 G = Mean time per level.
                   A        B        C        D        E       F      G
               +--------+--------+--------+--------+--------+-----+--------+
         Total |   4851 |   4509 |    342 |    288 |   3246 |   8 |  606.4 |
       Dungeon |   4851 |   4509 |    342 |    288 |   3246 |   8 |  606.4 |
               +--------+--------+--------+--------+--------+-----+--------+

Top non-repeatable levels by time:
     D:4: 1245 daAuts
     D:3: 833 daAuts
     D:1: 815 daAuts
     D:2: 656 daAuts
     D:7: 539 daAuts
     D:6: 465 daAuts
     D:5: 260 daAuts
     D:8: 35 daAuts
